PL
RICHARDSON CITY THUNDERCATS @ ATLANTA SMOKE
08/30/2026
 
TOP OF THE 1ST
Richardson City Thundercats batting - Pitching for Atlanta Smoke : RHP Fraser Cuevas
Pitching: RHP Fraser Cuevas
Batting: RHB Juan Cabrera 0-0: Called Strike
0-1: Called Strike
0-2: Strikes out swinging
Batting: LHB Fernando Ramírez 0-0: Called Strike
0-1: Swinging Strike
0-2: Ball
1-2: Strikes out looking
Batting: RHB Joey Jones 0-0: Ball
1-0: Ground out 5-3 (Groundball, 5)
Top of the 1st over - 0 run(s), 0 hit(s), 0 error(s), 0 left on base; Richardson City 0 - Atlanta 0
BOTTOM OF THE 1ST
Atlanta Smoke batting - Pitching for Richardson City Thundercats : LHP Alec Pittman
Pitching: LHP Alec Pittman
Batting: LHB Bernardo Elías 0-0: Ball
1-0: Called Strike
1-1: Ball
2-1: SINGLE (Groundball, 4MD)
Batting: RHB Bartolo Morales 0-0: Called Strike
0-1: Called Strike
0-2: Fly out, F7 (Line Drive, 78M)
Batting: LHB Albert Morán 0-0: Called Strike
Bernardo Elías steals 2nd base
0-1: Ball
1-1: Foul Ball, location: 2F
1-2: SINGLE (Groundball, 56D)
Bernardo Elías to third
Batting: RHB Gabriel Maldonado 0-0: Ball
1-0: Ball
2-0: Called Strike
2-1: Called Strike
2-2: Strikes out looking
Batting: LHB Ned Durand 0-0: Ball
1-0: Swinging Strike
1-1: Foul Ball, location: 2F
1-2: Ball
Wild Pitch!
Bernardo Elías scores
Albert Morán to second
2-2: Ball
3-2: Fly out, F4 (Line Drive, 4)
Bottom of the 1st over - 1 run(s), 2 hit(s), 0 error(s), 1 left on base; Richardson City 0 - Atlanta 1
TOP OF THE 2ND
Richardson City Thundercats batting - Pitching for Atlanta Smoke : RHP Fraser Cuevas
Batting: LHB Terrence Eler 0-0: Ball
1-0: Called Strike
1-1: Foul Ball, location: 2F
1-2: Foul Ball, location: 2F
1-2: Ball
2-2: Foul Ball, location: 2F
2-2: SINGLE (Groundball, 6M) (infield hit)
Batting: LHB Carroll Martin 0-0: Ball
1-0: Called Strike
1-1: Fielders Choice at 2nd, 4-6 (Groundball, 4)
Batting: RHB Tomás Martínez 0-0: Ball
1-0: Fly out, F5 (Popup, 5S)
Batting: LHB Eduardo Álvarez 0-0: Ball
1-0: Called Strike
1-1: DOUBLE (Line Drive, 78D)
Carroll Martin to third
Runner from 3rd tries for Home, SAFE, no throw
Batting: SHB Mitch Qualtrough 0-0: Swinging Strike
0-1: Ball
1-1: DOUBLE (Line Drive, 89D)
Eduardo Álvarez scores
Batting: RHB Alden Wiley 0-0: Swinging Strike
0-1: Swinging Strike
0-2: Strikes out looking
Top of the 2nd over - 2 run(s), 3 hit(s), 0 error(s), 1 left on base; Richardson City 2 - Atlanta 1
BOTTOM OF THE 2ND
Atlanta Smoke batting - Pitching for Richardson City Thundercats : LHP Alec Pittman
Batting: RHB Gerardo Castillo 0-0: Ball
1-0: Swinging Strike
1-1: Fly out, F8 (Flyball, 8LD)
Batting: RHB Layton Templeman 0-0: Ball
1-0: Swinging Strike
1-1: Ball
2-1: Foul Ball, location: 2F
2-2: Fly out, F6 (Popup, 5D)
Batting: RHB Clarence Fox 0-0: Ball
1-0: Swinging Strike
1-1: Ground out 4-3 (Groundball, 34D)
Bottom of the 2nd over - 0 run(s), 0 hit(s), 0 error(s), 0 left on base; Richardson City 2 - Atlanta 1
TOP OF THE 3RD
Richardson City Thundercats batting - Pitching for Atlanta Smoke : RHP Fraser Cuevas
Batting: RHB Juan Cabrera 0-0: Foul Ball, location: 2F
0-1: Ball
1-1: Ball
2-1: Foul Ball, location: 2F
2-2: Foul Ball, location: 2F
2-2: Ground out 5-3 (Groundball, 56S)
Batting: LHB Fernando Ramírez 0-0: Ball
1-0: Fly out, F8 (Flyball, 8LS)
Batting: RHB Joey Jones 0-0: Fly out, F8 (Flyball, 8LS)
Top of the 3rd over - 0 run(s), 0 hit(s), 0 error(s), 0 left on base; Richardson City 2 - Atlanta 1
BOTTOM OF THE 3RD
Atlanta Smoke batting - Pitching for Richardson City Thundercats : LHP Alec Pittman
Batting: RHB Travis Newsome 0-0: Called Strike
0-1: Ball
1-1: Ball
2-1: Foul Ball, location: 2F
2-2: Foul Ball, location: 2F
2-2: Foul Ball, location: 2F
2-2: Ball
3-2: Base on Balls
Batting: LHB Bernardo Elías 0-0: Foul Ball, location: 2F
0-1: SINGLE (Flyball, 7S)
Travis Newsome to second
Batting: RHB Bartolo Morales 0-0: Called Strike
0-1: Fly out, F8 (Flyball, 8LS)
Pitching: RHP Bo Tubbs
Batting: LHB Albert Morán 0-0: Ball
1-0: Called Strike
1-1: Called Strike
1-2: Strikes out swinging
Batting: RHB Gabriel Maldonado 0-0: Ball
1-0: Foul Ball, location: 2F
1-1: Ball
2-1: Ball
3-1: Swinging Strike
3-2: Foul Ball, location: 2F
3-2: Ground out 5-3 (Groundball, 56S)
Bottom of the 3rd over - 0 run(s), 1 hit(s), 0 error(s), 2 left on base; Richardson City 2 - Atlanta 1
TOP OF THE 4TH
Richardson City Thundercats batting - Pitching for Atlanta Smoke : RHP Fraser Cuevas
Batting: LHB Terrence Eler 0-0: Foul Ball, location: 2F
0-1: Called Strike
0-2: Ball
1-2: Ground out 4-3 (Groundball, 4)
Batting: LHB Carroll Martin 0-0: Foul Ball, location: 2F
0-1: Ball
1-1: Ball
2-1: Swinging Strike
2-2: Ground out 4-3 (Groundball, 4)
Batting: RHB Tomás Martínez 0-0: Ball
1-0: Swinging Strike
1-1: Foul Ball, location: 2F
1-2: Ball
2-2: Foul Ball, location: 2F
2-2: Ball
3-2: SINGLE (Groundball, 6S) (infield hit)
Batting: LHB Eduardo Álvarez 0-0: Ground out 5-3 (Groundball, 56S)
Top of the 4th over - 0 run(s), 1 hit(s), 0 error(s), 1 left on base; Richardson City 2 - Atlanta 1
BOTTOM OF THE 4TH
Atlanta Smoke batting - Pitching for Richardson City Thundercats : RHP Bo Tubbs
Batting: LHB Ned Durand 0-0: Swinging Strike
0-1: Foul Ball, location: 2F
0-2: Ball
1-2: Strikes out swinging
Batting: RHB Gerardo Castillo 0-0: Called Strike
0-1: Swinging Strike
0-2: Ground out 6-3 (Groundball, 6)
Batting: RHB Layton Templeman 0-0: Ball
1-0: Called Strike
1-1: Called Strike
1-2: Foul Ball, location: 2F
1-2: Ball
2-2: Fly out, F8 (Flyball, 8LS)
Bottom of the 4th over - 0 run(s), 0 hit(s), 0 error(s), 0 left on base; Richardson City 2 - Atlanta 1
TOP OF THE 5TH
Richardson City Thundercats batting - Pitching for Atlanta Smoke : RHP Fraser Cuevas
Batting: SHB Mitch Qualtrough 0-0: Ball
1-0: Ball
2-0: Ball
3-0: Base on Balls
Batting: RHB Alden Wiley 0-0: Called Strike
0-1: Fly out, F8 (Flyball, 8RM)
Batting: RHB Juan Cabrera 0-0: Ball
1-0: Ball
2-0: Foul Ball, location: 2F
2-1: Grounds into double play, 4-6-3 (Groundball, 4D)
Top of the 5th over - 0 run(s), 0 hit(s), 0 error(s), 0 left on base; Richardson City 2 - Atlanta 1
BOTTOM OF THE 5TH
Atlanta Smoke batting - Pitching for Richardson City Thundercats : RHP Bo Tubbs
Batting: RHB Clarence Fox 0-0: Ball
1-0: Ball
2-0: DOUBLE (Line Drive, 9LS)
Batting: RHB Travis Newsome 0-0: Called Strike
0-1: Ball
1-1: Ball
2-1: Ball
3-1: Base on Balls
Batting: LHB Bernardo Elías 0-0: Called Strike
0-1: Sac Bunt - play at first, batter OUT! 1-4
Clarence Fox to third
Travis Newsome to second
Batting: RHB Bartolo Morales 0-0: Ball
1-0: Called Strike
1-1: TRIPLE (Groundball, 5L)
Clarence Fox scores
Travis Newsome scores
Batting: LHB Albert Morán 0-0: Ground out 4-3 (Groundball, 4S)
Batting: RHB Gabriel Maldonado 0-0: Ball
1-0: Ball
2-0: SINGLE (Groundball, 56D)
Bartolo Morales scores
Pitching: RHP Dave Reed
Batting: LHB Ned Durand 0-0: Ball
1-0: Foul Ball, location: 2F
1-1: Foul Ball, location: 2F
1-2: Strikes out swinging
Bottom of the 5th over - 3 run(s), 3 hit(s), 0 error(s), 1 left on base; Richardson City 2 - Atlanta 4
TOP OF THE 6TH
Richardson City Thundercats batting - Pitching for Atlanta Smoke : RHP Fraser Cuevas
Batting: LHB Fernando Ramírez 0-0: Foul Ball, location: 2F
0-1: Ball
1-1: Ball
2-1: DOUBLE (Line Drive, 89XD)
Batting: RHB Joey Jones 0-0: Called Strike
0-1: Ground out 5-3 (Groundball, 5L)
Batting: LHB Terrence Eler 0-0: Ball
1-0: Ball
2-0: Ball
3-0: Called Strike
3-1: Base on Balls
Batting: LHB Carroll Martin 0-0: SINGLE (Groundball, 4MD)
Fernando Ramírez to third
Terrence Eler to second
Batting: RHB Tomás Martínez 0-0: Ball
1-0: Foul Ball, location: 2F
1-1: Called Strike
1-2: Foul Ball, location: 2F
1-2: Ball
2-2: Strikes out swinging
Batting: LHB Eduardo Álvarez 0-0: Foul Ball, location: 2F
0-1: Foul Ball, location: 2F
0-2: Ball
1-2: Ball
2-2: SINGLE (Groundball, 56S) (infield hit)
Fernando Ramírez scores
Terrence Eler to third
Carroll Martin to second
Batting: SHB Mitch Qualtrough 0-0: Ball
1-0: SINGLE (Groundball, 56S) (infield hit)
Terrence Eler scores
Carroll Martin to third
Eduardo Álvarez to second
Batting: RHB Alden Wiley 0-0: Fly out, F9 (Flyball, 9LS)
Top of the 6th over - 2 run(s), 4 hit(s), 0 error(s), 3 left on base; Richardson City 4 - Atlanta 4
BOTTOM OF THE 6TH
Atlanta Smoke batting - Pitching for Richardson City Thundercats : RHP Dave Reed
Batting: RHB Gerardo Castillo 0-0: Foul Ball, location: 2F
0-1: Ball
1-1: Swinging Strike
1-2: Foul Ball, location: 2F
1-2: Ball
2-2: Strikes out looking
Batting: RHB Layton Templeman 0-0: Called Strike
0-1: Ball
1-1: Called Strike
1-2: Ball
2-2: SINGLE (Line Drive, 6MD)
Batting: RHB Clarence Fox 0-0: Swinging Strike
0-1: Ball
1-1: Called Strike
1-2: Strikes out looking
Batting: RHB Travis Newsome 0-0: Ball
1-0: Called Strike
1-1: Ground out 5-3 (Groundball, 56S)
Bottom of the 6th over - 0 run(s), 1 hit(s), 0 error(s), 1 left on base; Richardson City 4 - Atlanta 4
TOP OF THE 7TH
Richardson City Thundercats batting - Pitching for Atlanta Smoke : RHP Fraser Cuevas
Pitching: RHP Ricardo Gómez
Batting: RHB Juan Cabrera 0-0: Ball
1-0: Ground out 5-3 (Groundball, 56)
Batting: LHB Fernando Ramírez 0-0: Ball
1-0: Called Strike
1-1: Foul Ball, location: 2F
1-2: Ground out U3 (Groundball, 34)
Batting: RHB Joey Jones 0-0: Ball
1-0: Ball
2-0: Called Strike
2-1: Foul Ball, location: 2F
2-2: Strikes out swinging
Top of the 7th over - 0 run(s), 0 hit(s), 0 error(s), 0 left on base; Richardson City 4 - Atlanta 4
BOTTOM OF THE 7TH
Atlanta Smoke batting - Pitching for Richardson City Thundercats : RHP Dave Reed
Batting: LHB Bernardo Elías 0-0: Ball
1-0: Ball
2-0: Called Strike
2-1: Swinging Strike
2-2: Foul Ball, location: 2F
2-2: Foul Ball, location: 2F
2-2: Strikes out swinging
Batting: RHB Bartolo Morales 0-0: Foul Ball, location: 2F
0-1: TRIPLE (Line Drive, 7LM)
Batting: LHB Albert Morán 0-0: Intentional Walk
Batting: RHB Gabriel Maldonado 0-0: Foul Ball, location: 2F
0-1: Ground out 6-3 (Groundball, 6S)
Bartolo Morales scores
Albert Morán to second
Batting: LHB Ned Durand 0-0: Fly out, F6 (Popup, 6)
Bottom of the 7th over - 1 run(s), 1 hit(s), 0 error(s), 1 left on base; Richardson City 4 - Atlanta 5
TOP OF THE 8TH
Richardson City Thundercats batting - Pitching for Atlanta Smoke : RHP Ricardo Gómez
Pitching: LHP Manuel Rodríguez
Batting: LHB Terrence Eler 0-0: Called Strike
0-1: Called Strike
0-2: Ball
1-2: Ball
2-2: Foul Ball, location: 2F
2-2: Strikes out looking
Batting: LHB Carroll Martin 0-0: Ball
1-0: Fly out, F3 (Line Drive, 3L)
Pitching: RHP Bruce Hamilton
Batting: RHB Tomás Martínez 0-0: Fly out, F8 (Flyball, 8LD)
Top of the 8th over - 0 run(s), 0 hit(s), 0 error(s), 0 left on base; Richardson City 4 - Atlanta 5
BOTTOM OF THE 8TH
Atlanta Smoke batting - Pitching for Richardson City Thundercats : RHP Dave Reed
Batting: RHB Gerardo Castillo 0-0: Foul Ball, location: 2F
0-1: Ground out 4-3 (Groundball, 4)
Batting: RHB Layton Templeman 0-0: Swinging Strike
0-1: Foul Ball, location: 2F
0-2: Ball
1-2: Strikes out swinging
Batting: RHB Clarence Fox 0-0: Foul Ball, location: 2F
0-1: Ball
1-1: Ball
2-1: Ball
3-1: Called Strike
3-2: Fly out, F9 (Flyball, 9S)
Bottom of the 8th over - 0 run(s), 0 hit(s), 0 error(s), 0 left on base; Richardson City 4 - Atlanta 5
TOP OF THE 9TH
Richardson City Thundercats batting - Pitching for Atlanta Smoke : RHP Bruce Hamilton
Pitching: RHP Iván García
Batting: LHB Eduardo Álvarez 0-0: Called Strike
0-1: Called Strike
0-2: Strikes out looking
Batting: SHB Mitch Qualtrough 0-0: Foul Ball, location: 2F
0-1: Foul Ball, location: 2F
0-2: Strikes out swinging
Batting: RHB Alden Wiley 0-0: Ball
1-0: Ground out 5-3 (Groundball, 56S)
Top of the 9th over - 0 run(s), 0 hit(s), 0 error(s), 0 left on base; Richardson City 4 - Atlanta 5
Monday, March 20th, 2017 - OOTP Baseball 17.12 Build 75